 Dungeon Crawl Stone Soup version 0.23-a0-395-gcf17ac6c65 (webtiles) character file.

324 PikkenKukken the Magician (level 6, -4/44 HPs)
             Began as a Gnoll Wizard on Nov 1, 2018.
             Slain by a killer bee zombie (6 damage)
             ... on level 5 of the Dungeon.
             The game lasted 00:11:31 (3179 turns).

PikkenKukken the Magician (Gnoll Wizard)            Turns: 3179, Time: 00:11:32

Health: -4/44      AC:  2    Str:  9    XL:     6   Next: 48%
Magic:  3/16       EV: 15    Int: 22    God:
Gold:   167        SH:  0    Dex: 14    Spells: 14/19 levels left

rFire    . . .     SeeInvis .   h - +0 whip (vamp)
rCold    . . .     Gourm    .   (no shield)
rNeg     . . .     Faith    .   a - +0 robe
rPois    +         Spirit   .   b - +0 hat
rElec    .         Reflect  .   (no cloak)
rCorr    .         Harm     .   (no gloves)
MR       .....                  (no boots)
Stlth    ++........             (no amulet)
HPRegen  0.14/turn              g - ring of attention (curse)
MPRegen  0.15/turn              s - ring of poison resistance

@: no status effects
A: distributed training, fangs 1, strong nose
a: no special abilities


You were on level 5 of the Dungeon.
You were hungry.

You visited 1 branch of the dungeon, and saw 5 of its levels.

You collected 167 gold pieces.

Inventory:

Hand Weapons
 h - a +0 vampiric whip (weapon)
Armour
 a - a +0 robe (worn)
 b - a +0 hat (worn)
Jewellery
 g - a cursed ring of attention (left hand)
 s - a ring of poison resistance (right hand)
Scrolls
 e - 3 scrolls of remove curse
 f - 4 scrolls of identify
 m - a scroll of teleportation
 o - a scroll of fog
 q - a scroll of amnesia
Potions
 c - 2 potions of lignification
 j - a potion of resistance {unknown}
 k - a potion of cancellation {unknown}
 l - a potion of curing {unknown}
 n - 2 potions of haste
 r - a potion of brilliance {unknown}
Comestibles
 d - 3 rations
 i - 2 chunks of flesh


   Skills:
 + Level 2.0 Fighting
 + Level 2.0 Short Blades
 + Level 2.0 Long Blades
 + Level 2.0 Axes
 + Level 2.0 Maces & Flails
 + Level 2.0 Polearms
 + Level 2.0 Staves
 + Level 2.0 Slings
 + Level 2.0 Bows
 + Level 2.0 Crossbows
 + Level 2.0 Throwing
 + Level 2.0 Armour
 + Level 5.0 Dodging
 + Level 4.6 Stealth
 + Level 2.0 Shields
 + Level 2.0 Unarmed Combat
 + Level 7.4 Spellcasting
 + Level 2.6 Conjurations
 + Level 1.5 Hexes
 + Level 1.5 Charms
 + Level 2.6 Summonings
 + Level 1.5 Necromancy
 + Level 2.6 Translocations
 + Level 1.5 Transmutations
 + Level 1.5 Fire Magic
 + Level 1.5 Ice Magic
 + Level 1.5 Air Magic
 + Level 1.5 Earth Magic
 + Level 1.5 Poison Magic
 + Level 2.1 Invocations
 + Level 2.0 Evocations


You had 14 spell levels left.
You knew the following spells:

 Your Spells              Type           Power        Failure   Level  Hunger
a - Magic Dart            Conj           ###.         2%          1    None
b - Call Imp              Summ           ###.....     4%          2    None
c - Blink                 Tloc           N/A          4%          2    None

Your spell library contained the following spells:

 Spells                   Type           Power        Failure   Level  Hunger
 Slow                     Hex            ###.....     6%          2    None
 Conjure Flame            Conj/Fire      ###.....     10%         3    None
 Mephitic Cloud           Conj/Pois/Air  ###.....     11%         3    None


Dungeon Overview and Level Annotations

Branches:
Dungeon (5/15)             Temple (0/1) D:4

Altars:
Nemelex Xobeh
Sif Muna
Trog
The Shining One

Portals:
Sewer: D:5

Annotations:
D:2 1 runed door


Innate Abilities, Weirdness & Mutations

Your experience applies equally to all skills.
You have very sharp teeth.
Your uncanny sense of smell can sniff out nearby items.


Message History

The killer bee zombie barely misses your crimson imp.
Your crimson imp hits the killer bee zombie.
The killer bee zombie misses your crimson imp.
The killer bee zombie hits your crimson imp!
Your crimson imp disappears in a puff of smoke!
Casting: Call Imp (safe; 4% risk of failure)
Confirm with . or Enter, or press ? or * to list all spells.
A beastly little devil appears in a puff of frigid air.
The killer bee zombie hits you!
* * * LOW HITPOINT WARNING * * *
The killer bee zombie barely misses you.
The killer bee zombie hits you.
* * * LOW HITPOINT WARNING * * *
Casting: Call Imp (safe; 4% risk of failure)
Confirm with . or Enter, or press ? or * to list all spells.
You blink.
Your white imp gestures at the killer bee zombie.
The puff of frost misses the killer bee zombie.
The killer bee zombie hits you.
You die...

∆ #....# #..##)#..##
#....# #..##÷#....
##'### #..##.#.... #.
#..# #..##(#.... #.
##.#####..##....#.
#.##.§.........#...≈≈
#.#....####..#.#.#≈≈≈
#....Z5...#. #...†≈≈≈
#...@...#.# ##...≈≈≈
#.....#.#.# ##.≈≈≈≈
#.....#...# #.#≈≈≈
##.#####..# #...≈≈
#.# #..# #.######.#
#..Z5....#
#######...# #...#


You could see a killer bee zombie and a friendly white imp.

Vanquished Creatures
  Terence (D:2)
  6 adders
  2 oozes
  A worm (D:2)
  A dart slug (D:2)
  2 leopard geckos
  An orc (D:3)
  4 ball pythons
  14 bats
  A giant cockroach (D:5)
  6 goblins
  7 hobgoblins
  4 jackals (D:1)
  8 kobolds
  7 frilled lizards
  7 rats
72 creatures vanquished.

Vanquished Creatures (collateral kills)
  An ice beast (D:5)
  A centaur (D:5)
  A hound (D:5)
  A worker ant (D:4)
  3 adders
  A gnoll (D:1)
  A worm (D:1)
  A goblin (D:2)
10 creatures vanquished.

Grand Total: 82 creatures vanquished

Notes
Turn   | Place    | Note
-------+----------+-------------------------------------------
     0 | D:1      | PikkenKukken the Gnoll Wizard began the quest for the Orb.
     0 | D:1      | Reached XP level 1. HP: 13/13 MP: 8/8
   201 | D:1      | Reached XP level 2. HP: 19/19 MP: 6/10
   238 | D:1      | Learned a level 2 spell: Call Imp
   241 | D:1      | Learned a level 2 spell: Blink
   877 | D:1      | Reached XP level 3. HP: 22/25 MP: 7/11
  1239 | D:2      | Reached skill level 1 in Invocations
  1269 | D:2      | Noticed Terence
  1290 | D:2      | Killed Terence
  1290 | D:2      | Reached skill level 1 in Fighting
  1290 | D:2      | Reached skill level 1 in Short Blades
  1290 | D:2      | Reached skill level 1 in Long Blades
  1290 | D:2      | Reached skill level 1 in Axes
  1290 | D:2      | Reached skill level 1 in Maces & Flails
  1290 | D:2      | Reached skill level 1 in Polearms
  1290 | D:2      | Reached skill level 1 in Staves
  1290 | D:2      | Reached skill level 1 in Slings
  1290 | D:2      | Reached skill level 1 in Bows
  1290 | D:2      | Reached skill level 1 in Crossbows
  1290 | D:2      | Reached skill level 1 in Throwing
  1290 | D:2      | Reached skill level 1 in Armour
  1290 | D:2      | Reached skill level 1 in Shields
  1290 | D:2      | Reached skill level 1 in Unarmed Combat
  1290 | D:2      | Reached skill level 1 in Evocations
  1290 | D:2      | Reached XP level 4. HP: 14/32 MP: 1/13
  1627 | D:2      | Reached skill level 1 in Hexes
  1627 | D:2      | Reached skill level 1 in Charms
  1627 | D:2      | Reached skill level 1 in Necromancy
  1627 | D:2      | Reached skill level 1 in Transmutations
  1627 | D:2      | Reached skill level 1 in Fire Magic
  1627 | D:2      | Reached skill level 1 in Ice Magic
  1627 | D:2      | Reached skill level 1 in Air Magic
  1627 | D:2      | Reached skill level 1 in Earth Magic
  1627 | D:2      | Reached skill level 1 in Poison Magic
  1846 | D:2      | Reached XP level 5. HP: 37/37 MP: 11/14
  2052 | D:2      | Found a runed door.
  2207 | D:3      | Found a glowing golden altar of the Shining One.
  2260 | D:3      | Found a sparkling altar of Nemelex Xobeh.
  2262 | D:3      | Found a deep blue altar of Sif Muna.
  2614 | D:3      | Found a bloodstained altar of Trog.
  2849 | D:4      | Found a staircase to the Ecumenical Temple.
  2988 | D:5      | Entered Level 5 of the Dungeon
  3032 | D:5      | Found a glowing drain.
  3033 | D:5      | Noticed a centaur
  3047 | D:5      | Reached XP level 6. HP: 43/44 MP: 4/16
  3101 | D:5      | Noticed an ice beast
  3159 | D:5      | Killed an ice beast
  3159 | D:5      | Reached skill level 5 in Dodging
  3178 | D:5      | HP: 2/44 [killer bee zombie (3)]
  3179 | D:5      | Slain by a killer bee zombie

Vault maps used:
D:1:      evilmike_arrival_run_for_it
D:2:      first_ration, uniq_crazy_yiuf_cottage, uniq_terence
D:3:      grunt_temple_overflow_open, bloody_trog, marbit_many_paths
D:4:      minmay_temple_entry_from_below_a
D:5:      serial_undead, serial_undead_a, serial_undead_b, serial_undead_f,
          serial_undead_b, basic_altar, cheibrodos_sewer_entry_drain,
          uniq_edmund

Skill      XL: |  1  2  3  4  5  6 |
---------------+-------------------+-----
Conjurations   | 2 |  2.6
Summonings     | 2 |  2.6
Translocations | 2 |  2.6
Invocations    | 1 2 |  2.1
Fighting       | 1 2 |  2.0
Short Blades   | 1 2 |  2.0
Long Blades    | 1 2 |  2.0
Axes           | 1 2 |  2.0
Maces & Flails | 1 2 |  2.0
Polearms       | 1 2 |  2.0
Staves         | 1 2 |  2.0
Slings         | 1 2 |  2.0
Bows           | 1 2 |  2.0
Crossbows      | 1 2 |  2.0
Throwing       | 1 2 |  2.0
Armour         | 1 2 |  2.0
Shields        | 1 2 |  2.0
Unarmed Combat | 1 2 |  2.0
Evocations     | 1 2 |  2.0
Hexes          | 1 |  1.5
Charms         | 1 |  1.5
Necromancy     | 1 |  1.5
Transmutations | 1 |  1.5
Fire Magic     | 1 |  1.5
Ice Magic      | 1 |  1.5
Air Magic      | 1 |  1.5
Earth Magic    | 1 |  1.5
Poison Magic   | 1 |  1.5
Dodging        | 5 |  5.0
Stealth        | |  4.6
Spellcasting   | |  7.4

Action                   |  1- 3 |  4- 6 || total
-------------------------+-------+-------++-------
Melee: Whip              |    37 |    56 ||    93
       Bite              |     3 |     4 ||     7
 Cast: Magic Dart        |    56 |   103 ||   159
       Call Imp          |     7 |    16 ||    23
       Blink             |       |     2 ||     2
  Use: Scroll            |     4 |     7 ||    11
 Stab: Sleeping          |     1 |       ||     1
       Distracted        |       |     2 ||     2
  Eat: Ration            |     1 |       ||     1
       Chunk             |     2 |     5 ||     7
Armor: Robe              |     6 |     9 ||    15
Dodge: Dodged            |    50 |    59 ||   109

Table legend:
 A = Non-vault XP
 B = Vault XP
 C = Vault XP percentage of total XP
 D = Non-vault monster count
 E = Vault monster count
 F = Vault count percentage of total count
                 A         B        C        D         E       F
            +---------+---------+-------+---------+---------+-------
      Total |     424 |      39 |   8.4 |      77 |       5 |   6.1
            +---------+---------+-------+---------+---------+-------
        D:1 |      49 |       3 |   5.8 |      24 |       1 |   4.0
        D:2 |     109 |      32 |  22.7 |      33 |       1 |   2.9
        D:3 |      46 |       1 |   2.1 |      11 |       1 |   8.3
        D:4 |      43 |       0 |   0.0 |       3 |       0 |   0.0
        D:5 |     177 |       3 |   1.7 |       6 |       2 |  25.0
            +---------+---------+-------+---------+---------+-------
